 Dungeon Crawl Stone Soup version 0.22.1-1-ga44c0e5 (webtiles) character file.

151 brandon the Skirmisher (level 5, -1/48 HPs)
             Began as a Minotaur Berserker on Oct 1, 2018.
             Was a Believer of Trog.
             Slain by Grinder (4 damage)
             ... on level 3 of the Dungeon.
             The game lasted 00:03:28 (1894 turns).

brandon the Skirmisher (Minotaur Berserker)         Turns: 1894, Time: 00:03:29

Health: -1/48      AC:  3    Str: 22    XL:     5   Next: 10%
Magic:  4/4        EV: 12    Int:  4    God:    Trog [**....]
Gold:   120        SH:  0    Dex: 10    Spells: 4/4 levels left

rFire    . . .     SeeInvis .   a - +0 mace
rCold    . . .     Gourm    .   (no shield)
rNeg     . . .     Faith    .   i - +0 leather armour
rPois    .         Spirit   .   (helmet restricted)
rElec    .         Reflect  .   (no cloak)
rCorr    .         Harm     .   (no gloves)
MR       .....                  (no boots)
Stlth    +.........             (no amulet)
HPRegen  0.16/turn              (no ring)
MPRegen  0.09/turn              (no ring)

@: no status effects
A: retaliatory headbutt, horns 2
a: Berserk, Trog's Hand, Renounce Religion


You were on level 3 of the Dungeon.
You worshipped Trog.
Trog was pleased with you.
You were not hungry.

You visited 1 branch of the dungeon, and saw 3 of its levels.

You collected 120 gold pieces.

Inventory:

Hand Weapons
 a - a +0 mace (weapon)
Armour
 i - a +0 leather armour (worn)
Jewellery
 f - an uncursed amulet of the acrobat {unknown}
 j - a cursed -3 ring of strength {unknown}
 k - a cursed ring of attention {unknown}
 l - an uncursed amulet of faith {unknown}
 m - an uncursed amulet of harm {unknown}
 t - a +4 ring of dexterity {unknown}
 u - an uncursed amulet of regeneration {unknown}
Wands
 s - a wand of flame (30)
Scrolls
 d - a scroll of enchant armour {unknown}
 e - a scroll of enchant weapon {unknown}
 h - a scroll of random uselessness {unknown}
 n - 2 scrolls of identify {unknown}
 p - a scroll of fog {unknown}
 r - a scroll of immolation {unknown}
 w - a scroll of teleportation {unknown}
Potions
 b - a potion of degeneration {unknown}
 g - a potion of heal wounds {unknown}
 o - a potion of might {unknown}
 q - a potion of curing {unknown}
 v - a potion of agility
Comestibles
 c - 4 rations


   Skills:
 * Level 5.1 Fighting
 + Level 5.0 Maces & Flails
 + Level 3.2 Armour
 + Level 3.0 Dodging
 + Level 0.2 Stealth


You had 4 spell levels left.
You didn't know any spells.
Your spell library was empty.

Dungeon Overview and Level Annotations

Branches:
Dungeon (3/15)

Altars:
Hepliaklqana
Qazlal
Wu Jian

Annotations:
D:3 Grinder


Innate Abilities, Weirdness & Mutations

You reflexively headbutt those who attack you in melee.
You have a pair of horns on your head.


Message History

You closely miss Grinder. You headbutt Grinder.
Grinder is lightly wounded.
Grinder hits you!
You completely miss Grinder.
Grinder is lightly wounded.
Grinder gestures at you. Pain shoots through your body!
* * * LOW HITPOINT WARNING * * *
You sock Grinder! You headbutt Grinder, but do no damage.
Grinder is moderately wounded.
Grinder hits you.
* * * LOW HITPOINT WARNING * * *
You writhe in agony.
* * * LOW HITPOINT WARNING * * *
You hit Grinder.
Grinder is moderately wounded.
Grinder hits you.
* * * LOW HITPOINT WARNING * * *
You writhe in agony.
You die...

##.# ## ##...# #######.
.......# .....>..
#..?.... ### .########.
........ ... ..........
#.......##.###.#########
#.......#..<..# ####
###...##.#.##########...
......5@..............##
#.#...##################
..... .... ... .# #


You could see Grinder.

Vanquished Creatures
  Ijyb (D:3)
  2 worker ants (D:3)
  An adder (D:2)
  2 oozes
  A worm (D:2)
  2 dart slugs (D:2)
  2 leopard geckos
  2 orcs (D:3)
  2 ball pythons
  2 bats
  3 giant cockroaches
  5 goblins
  7 hobgoblins
  3 jackals (D:3)
  A quokka (D:3)
  2 frilled lizards
  A jackal skeleton (D:3)
  5 kobolds
  7 rats
51 creatures vanquished.

Notes
Turn   | Place    | Note
-------+----------+-------------------------------------------
     0 | D:1      | brandon the Minotaur Berserker began the quest for the Orb.
     0 | D:1      | Reached XP level 1. HP: 19/19 MP: 0/0
   391 | D:1      | Reached XP level 2. HP: 26/27 MP: 1/1
   721 | D:2      | Reached XP level 3. HP: 29/34 MP: 2/2
   754 | D:2      | Found a stormy altar of Qazlal.
   755 | D:2      | Found an ornate altar of the Wu Jian Council.
  1185 | D:3      | Reached ** piety under Trog
  1456 | D:3      | Noticed Ijyb
  1460 | D:3      | Reached XP level 4. HP: 25/41 MP: 3/3
  1465 | D:3      | Killed Ijyb
  1737 | D:3      | Reached skill level 5 in Fighting
  1751 | D:3      | Found a hazy altar of Hepliaklqana.
  1834 | D:3      | Reached skill level 5 in Maces & Flails
  1834 | D:3      | Reached XP level 5. HP: 38/48 MP: 4/4
  1888 | D:3      | Noticed Grinder
  1894 | D:3      | Slain by Grinder

Skill      XL: |  1  2  3  4 |
---------------+-------------+-----
Fighting       | 4 5 |  5.1
Maces & Flails | 4 5 |  5.0
Armour         | 3 |  3.2
Dodging        | 3 |  3.0
Stealth        | |  0.2

Action                   |  1- 3 |  4- 6 || total
-------------------------+-------+-------++-------
Melee: Mace              |    55 |    31 ||    86
       Headbutt          |    12 |     6 ||    18
Invok: Berserk           |     1 |     1 ||     2
  Eat: Ration            |     1 |       ||     1
       Chunk             |       |     1 ||     1
Armor: Leather armour    |    13 |     4 ||    17
       Animal skin       |     1 |       ||     1
Dodge: Dodged            |    62 |    16 ||    78
